 Dungeon Crawl Stone Soup version 0.28.0-62-gf88900778d (webtiles) character file.

Game seed: 8746753455555769300

272 jjjjhere the Chopper (level 6, -3/56 HPs)
             Began as a Hill Orc Abyssal Knight on Sept 22, 2023.
             Was a Priest of Lugonu.
             Slain by a killer bee (5 damage)
             ... on level 7 of the Dungeon.
             The game lasted 00:04:06 (3781 turns).

jjjjhere the Chopper (Hill Orc Abyssal Knight)      Turns: 3781, Time: 00:04:07

Health: -3/56      AC:  6    Str: 18    XL:     6   Next: 23%
Magic:  8/8        EV: 10    Int: 10    God:    Lugonu [***...]
Gold:   157        SH:  0    Dex: 11    Spells: 5/5 levels left

rFire   . . .      SeeInvis .   a - +1 hand axe
rCold   . . .      Faith    .   (no shield)
rNeg    . . .      Spirit   .   m - +0 ring mail
rPois   .          Reflect  .   g - +1 hat
rElec   .          Harm     .   (no cloak)
rCorr   .          Rampage  .   (no gloves)
Will    +....                   (no boots)
Stlth   +.........              (no amulet)
HPRegen 0.18/turn               h - ring of willpower
MPRegen 0.11/turn               (no ring)

@: mighty, lethally poisoned (-3 -> -8), invisible
A: no striking features
a: Renounce Religion, Depart the Abyss, Bend Space, Banish


You were on level 7 of the Dungeon.
You worshipped Lugonu.
Lugonu was most pleased with you.
You visited 1 branch of the dungeon, and saw 5 of its levels.
You visited the Abyss 1 time.

You collected 157 gold pieces.

Inventory:

Hand Weapons
 a - a +1 hand axe (weapon)
Armour
 b - a +0 leather armour
 g - a +1 hat (worn)
 m - a +0 ring mail (worn)
Jewellery
 h - a ring of willpower (left hand)
 j - a ring of resist corrosion
Scrolls
 c - a scroll of vulnerability {unknown}
 e - 3 scrolls of identify {unknown}
 k - 2 scrolls of fear {unknown}
 l - a scroll of enchant armour {unknown}


   Skills:
 + Level 5.2 Fighting
 * Level 6.5 Axes
 - Level 2.1 Armour
 - Level 0.7 Dodging
 + Level 3.9 Invocations


You had 5 spell levels left.
You didn't know any spells.
Your spell library was empty.

Dungeon Overview and Level Annotations

Branches:
Dungeon (4/15)
 Temple: D:4-7

Altars:
Wu Jian

Annotations:
D:1 Terence


Message History

The goblin throws a boomerang.
The boomerang closely misses the killer bee.
The boomerang hits you but does no damage.
You miss the killer bee. You barely miss the killer bee.
You feel sick. The killer bee closely misses you.
The killer bee barely misses you. The killer bee closely misses you.
The killer bee stings you.
You hit the killer bee but do no damage.
You miss the killer bee.
You feel sick.
The killer bee stings you but does no damage.
The killer bee closely misses you. The killer bee stings you.
* * * LOW HITPOINT WARNING * * *
You are lethally poisoned!
The killer bee poisons you! The killer bee barely misses you.
* * * LOW HITPOINT WARNING * * *
You feel very sick. The killer bee completely misses you.
The goblin throws a boomerang.
The boomerang hits the killer bee but does no damage.
The killer bee closely misses you.
You see here a killer bee corpse.
It was a potion of might.
You feel very mighty all of a sudden.
* * * LOW HITPOINT WARNING * * *
You feel very sick.
The killer bee stings you but does no damage.
The killer bee barely misses you.
The killer bee stings you but does no damage. x2
You slash the killer bee!
The killer bee is severely wounded.
You slash the killer bee!
* * * LOW HITPOINT WARNING * * *
You feel sick. The killer bee completely misses you. The killer bee stings you.
* * * LOW HITPOINT WARNING * * *
The killer bee closely misses you.
You miss the killer bee.
The killer bee is almost dead.
You barely miss the killer bee.
* * * LOW HITPOINT WARNING * * *
You feel sick. The killer bee closely misses you.
The killer bee barely misses you. The killer bee stings you.
You die...

######### #
#(...(..##.#
#..........
#.♣_)...#
#.......#
####.(.....#
#y@........#
#y##.......#
)....ggg##....≈..#
....#(####.≈≈≈≈≈.#
≈≈ ... #≈≈≈≈≈≈.#
.#. #≈≈≈≈≈≈≈# .≈
#. ######### . #


You could see 2 killer bees and 3 goblins.

Vanquished Creatures
  A killer bee (D:7)
  2 orc priests
  An iguana (D:4)
  3 adders
  2 worms (D:2)
  4 dart slugs
  2 orcs
  3 endoplasms (D:2)
  5 giant cockroaches
  7 goblins
  6 hobgoblins
  7 jackals (D:2)
  6 quokkas
  2 ball pythons (D:3)
  2 bats (D:2)
  6 frilled lizards
  4 kobolds
  4 rats (D:1)
67 creatures vanquished.

Vanquished Creatures (others)
  A killer bee (D:7)
  A goblin (D:7)
2 creatures vanquished.

Grand Total: 69 creatures vanquished

Notes
Turn   | Place    | Note
-------+----------+-------------------------------------------
     0 | Abyss:1  | jjjjhere the Hill Orc Abyssal Knight began the quest for
                  | the Orb.
     0 | Abyss:1  | Reached XP level 1. HP: 19/19 MP: 2/2
    13 | D:1      | Escaped the Abyss
    34 | D:1      | Reached skill level 3 in Axes
   191 | D:1      | Reached XP level 2. HP: 15/27 MP: 3/3
   195 | D:1      | HP: 8/27 [hobgoblin (4)]
   570 | D:1      | Reached ** piety under Lugonu
   571 | D:1      | Reached skill level 4 in Axes
   654 | D:1      | Reached XP level 3. HP: 33/33 MP: 4/4
  1247 | D:2      | Noticed Terence
  1757 | D:2      | Reached XP level 4. HP: 32/41 MP: 5/5
  2274 | D:3      | Reached skill level 5 in Axes
  2839 | D:3      | Reached XP level 5. HP: 40/47 MP: 7/7
  3347 | D:4      | Reached *** piety under Lugonu
  3352 | D:4      | Reached skill level 6 in Axes
  3622 | D:4      | Reached skill level 5 in Fighting
  3745 | D:4      | You fall into a shaft and drop 3 floors!
  3745 | D:7      | Found an ornate altar of the Wu Jian Council.
  3765 | D:7      | Reached XP level 6. HP: 18/56 MP: 8/8
  3765 | D:7      | HP: 17/56 [poisoned by a killer bee]
  3772 | D:7      | HP: 18/56 [poisoned by a killer bee]
  3777 | D:7      | HP: 13/56 [killer bee (6)]
  3780 | D:7      | HP: 5/56 [poisoned by a killer bee]
  3781 | D:7      | HP: 2/56 [poisoned by a killer bee]
  3781 | D:7      | Slain by a killer bee

Illustrated notes

Levels and vault maps discovered:
D:1:      roderic_dead_forest, layout_loops_cross, serial_park_tiny_2
D:2:      layout_rooms, hangedman_abyss_or_decor_lesser_grid,
          grunt_ministairs_2, roderic_filled_cross, uniq_terence
D:3:      layout_loops_cross, hex_large, kennysheep_generic_room_8
D:4:      layout_gridville
D:7:      layout_loops_ring, nicolae_gozag_cash_rules_everything_around_me,
          nzn_wu_jian_contemplation, brannock_xom_greatest_gift,
          gammafunk_ghost_hive, enter_bailey_5

Skill      XL: |  1  2  3  4  5 |
---------------+----------------+-----
Axes           | 3 4 5 6 |  6.5
Fighting       | 4 5 |  5.2
Invocations    | 3 |  3.9
Armour         | |  2.1
Dodging        | |  0.7

Action                   |  1- 3 |  4- 6 || total
-------------------------+-------+-------++-------
Melee: Hand axe          |   106 |   125 ||   231
       Punch             |     2 |     1 ||     3
  Use: Potion            |       |     5 ||     5
 Stab: Invisible         |       |     2 ||     2
Armor: Leather armour    |    25 |    16 ||    41
       Ring mail         |       |    25 ||    25
Dodge: Dodged            |    81 |   109 ||   190
